 Dungeon Crawl Stone Soup version 0.25-a0-869-g05d4e06a41 (webtiles) character file.

Game seed: 3444637023778389330, levelgen mode: deterministic

2722 devtcp the Thaumaturge (level 9, -2/45 HPs)
             Began as a Deep Elf Wizard on May 1, 2020.
             Was a Follower of Sif Muna.
             Killed from afar by an electric eel (10 damage)
             ... with a bolt of electricity
             ... on level 7 of the Dungeon.
             The game lasted 00:30:33 (9966 turns).

devtcp the Thaumaturge (Deep Elf Wizard)            Turns: 9966, Time: 00:30:34

Health: -2/45      AC: 10    Str: 14    XL:     9   Next: 39%
Magic:  24/26      EV: 11    Int: 27    God:    Sif Muna [*.....]
Gold:   159        SH:  0    Dex: 13    Spells: 17/30 levels left

rFire    . . .     SeeInvis .   w - staff of energy {!a}
rCold    + . .     Gourm    +   (no shield)
rNeg     . . .     Faith    .   m - +2 ring mail "Trusted Companion" {rC+ MR+ Regen+ Slay+2}
rPois    .         Spirit   .   b - +0 hat
rElec    .         Reflect  .   (no cloak)
rCorr    .         Harm     .   P - +0 pair of gloves
MR       +....                  k - +1 pair of boots
Stlth    +.........             p - amulet "Ujutzes" {Gourm Fragile Str+7}
HPRegen  0.55/turn              h - +3 ring of strength
MPRegen  0.20/turn              (no ring)

@: very slightly contaminated
A: no striking features
a: Channel Magic, Renounce Religion


You were on level 7 of the Dungeon.
You worshipped Sif Muna.
Sif Muna was aware of your devotion.
You were not hungry.

You visited 1 branch of the dungeon, and saw 7 of its levels.
You also visited: Ossuary.

You collected 307 gold pieces.
You spent 148 gold pieces at shops.

Inventory:

Hand Weapons
 e - a +0 short sword
Missiles
 r - 22 poisoned darts (quivered)
Armour
 a - a +0 robe
 b - a +0 hat (worn)
 k - a +1 pair of boots (worn)
 m - the +2 ring mail "Trusted Companion" (worn) {rC+ MR+ Regen+ Slay+2}
   (You found it on level 4 of the Dungeon)

   It affects your accuracy and damage with ranged weapons and melee attacks
   (+2).
   It protects you from cold.
   It affects your resistance to hostile enchantments.
   It increases your rate of regeneration.
 o - a +2 leather armour of fire resistance
 P - a +0 pair of gloves (worn)
Magical Staves
 w - an uncursed staff of energy (weapon) {!a}
Jewellery
 h - a +3 ring of strength (left hand)
 p - the amulet "Ujutzes" (around neck) {Gourm Fragile Str+7}
   (You found it on level 4 of the Dungeon)

   [amulet of the gourmand]

   It allows you to eat raw meat even when not hungry.
   It affects your strength (+7).
   It will be destroyed if unequipped.
 F - a cursed -2 ring of protection {unknown}
 I - a cursed ring of attention {unknown}
Wands
 y - a wand of random effects (21)
 G - a wand of paralysis (4)
Scrolls
 g - a scroll of identify {!d}
 i - a scroll of noise {unknown}
 j - a scroll of vulnerability {unknown}
 l - 2 scrolls of fog {unknown}
 n - 3 scrolls of fear
 q - 4 scrolls of amnesia {unknown}
 t - 6 scrolls of teleportation {!d}
 v - 2 scrolls of blinking {!d}
 A - 5 scrolls of remove curse {unknown}
 H - a scroll of silence {unknown}
 M - 2 scrolls of immolation {unknown}
 N - a scroll of random uselessness {unknown}
 Z - 2 scrolls of enchant armour
Potions
 c - 3 potions of berserk rage {unknown}
 f - a potion of might
 s - 5 potions of curing {unknown}
 u - 2 potions of lignification {unknown}
 x - a potion of stabbing {unknown}
 z - 3 potions of flight {unknown}
 B - a potion of ambrosia {!q!d}
 C - 2 potions of resistance {unknown}
 D - a potion of degeneration {unknown}
 E - a potion of invisibility {unknown}
 J - a potion of magic {unknown}
 K - 2 potions of cancellation {!q!d}
 L - 3 potions of brilliance {unknown}
 O - a potion of haste {!q!d}
Comestibles
 d - 9 rations {!d}


   Skills:
 - Level 2.4 Dodging
 - Level 2.4 Stealth
 - Level 11.0 Spellcasting
 - Level 11.0 Conjurations
 + Level 1.5 Hexes
 - Level 1.1 Summonings
 - Level 1.1 Translocations
 + Level 1.1 Evocations


You had 17 spell levels left.
You knew the following spells:

 Your Spells              Type           Power        Failure   Level  Hunger
a - Magic Dart            Conj           ####         1%          1    None
b - Blink                 Tloc           N/A          8%          2    None
c - Call Imp              Summ           ###.....     8%          2    None
d - Slow                  Hex            ###.....     6%          2    None
e - Conjure Flame         Conj/Fire      #####...     2%          3    None
f - Mephitic Cloud        Conj/Pois/Air  ####....     5%          3    None

Your spell library contained the following spells:

 Spells                   Type           Power        Failure   Level  Hunger


Dungeon Overview and Level Annotations

Branches:
Dungeon (7/15)             Temple (0/1) D:7         Ossuary (visited)

Altars:
Ashenzari
Elyvilon
Fedhas
Kikubaaqudgha
Okawaru
Sif Muna
Trog
Vehumet
Zin
Beogh

Shops:
D:4 *?


Message History

Moving in this stuff is going to be slow.
The electric eel shoots out a bolt of lightning at you!
The bolt of electricity hits you.
The electric eel shoots out a bolt of lightning at you!
The bolt of electricity hits you!
The electric eel shoots out a bolt of lightning at you!
The bolt of electricity hits the electric eel.
The electric eel completely resists.
The bolt of electricity hits you.
You take 18 damage, and have 14/45 hp.
Blink to where?
Press: ? - help, Dir - move target cursor You are very lightly contaminated with residual magic.
As you read the scroll of blinking {!d}, it crumbles to dust.
The electric eel shoots out a bolt of lightning at you!
The bolt of electricity hits the plant!
The bolt of electricity hits you!
* * * LOW HITPOINT WARNING * * *
The electric eel shoots out a bolt of lightning at you!
The bolt of electricity hits the plant.
The bolt of electricity hits the plant!
The bolt of electricity hits the plant.
The bolt of electricity hits you!
You die...

≈#.....# #########.......##
≈P.....#########...............#
≈.#....#.........#######..<....#
≈.#......######..## #.......#
≈......########...## #.......#
P.#................# #########
≈................#.#
≈P###≈≈P≈....PP≈.#.# .##
#≈≈≈≈≈≈P≈≈≈≈@#.# ..#
#PPP≈≈≈PP≈P≈.#.## ###
#≈P≈P;≈P≈≈≈≈.#..#
#≈P≈≈≈≈≈P≈PP.##.#
#≈;P≈≈≈≈≈PPP..#.#
♣≈≈P≈≈;≈≈≈P≈♣.#.#
♣≈≈≈≈≈≈≈≈≈≈P♣.#.# ≈≈≈≈≈;≈§♣♣.#.#
≈≈≈≈≈≈≈≈♣♣.#.#


You could see 3 electric eels.

Vanquished Creatures
  Pikel (D:4)
  Sigmund (D:6)
  A sky beast (D:6)
  2 slaves (D:4)
  3 ogres
  2 orc warriors
  A phantom (D:7)
  A centaur (D:7)
  4 elf zombies (Ossuary)
  A scorpion (D:4)
  5 wights
  4 centaur zombies (Ossuary)
  A crimson imp (D:4)
  2 jellies
  4 human zombies (Ossuary)
  6 orc priests
  A hound (D:4)
  2 orc wizards
  Terence (D:3)
  Ijyb (D:3)
  5 worker ants
  2 hound skeletons
  2 mummies (Ossuary)
  4 gnolls (D:6)
  4 adders
  3 adder skeletons
  2 worms
  2 dart slugs
  6 leopard geckos
  24 orcs
  2 ball pythons
  8 bats
  5 giant cockroaches
  11 goblins
  11 hobgoblins
  2 jackals (D:1)
  12 kobolds
  A quokka (D:6)
  5 frilled lizards
  A quokka skeleton (D:4)
  6 rats
162 creatures vanquished.

Vanquished Creatures (collateral kills)
  A scorpion (D:3)
  A centaur skeleton (D:3)
  A mummy (Ossuary)
  2 adders (D:4)
  A dart slug (D:4)
  A kobold (D:3)
7 creatures vanquished.

Grand Total: 169 creatures vanquished

Notes
Turn   | Place    | Note
-------+----------+-------------------------------------------
     0 | D:1      | devtcp the Deep Elf Wizard began the quest for the Orb.
     0 | D:1      | Reached XP level 1. HP: 10/10 MP: 7/7
   283 | D:1      | Reached skill level 5 in Spellcasting
   324 | D:1      | Reached XP level 2. HP: 15/15 MP: 5/10
  1000 | D:1      | Reached XP level 3. HP: 19/19 MP: 3/12
  1395 | D:2      | Learned a level 2 spell: Blink
  1398 | D:2      | Learned a level 2 spell: Call Imp
  1401 | D:2      | Learned a level 2 spell: Slow
  1405 | D:2      | Learned a level 3 spell: Conjure Flame
  1409 | D:2      | Learned a level 3 spell: Mephitic Cloud
  1535 | D:2      | You fall into a shaft and drop 1 floor!
  1736 | D:3      | Noticed a scorpion
  2033 | D:3      | Killed a scorpion
  2033 | D:3      | Reached XP level 4. HP: 19/24 MP: 3/15
  2224 | D:3      | Noticed Ijyb
  2227 | D:3      | Paralysed by Ijyb for 2 turns
  2288 | D:3      | Paralysed by Ijyb for 6 turns
  2303 | D:3      | Killed Ijyb
  3015 | D:3      | Reached XP level 5. HP: 24/28 MP: 13/17
  3723 | D:3      | Noticed Terence
  3742 | D:3      | Killed Terence
  3978 | D:4      | Found an iron altar of Okawaru.
  4008 | D:4      | Got a coiled jade amulet
  4452 | D:4      | Found Syhikk's Assorted Antiques.
  4462 | D:4      | Noticed an ogre
  4492 | D:4      | Killed an ogre
  4492 | D:4      | Reached XP level 6. HP: 32/32 MP: 7/20
  4871 | D:4      | Reached skill level 10 in Spellcasting
  5016 | D:4      | Got a bronze ring mail
  5024 | D:4      | Identified the amulet "Ujutzes" {Gourm Fragile Str+7} (You
                  | found it on level 4 of the Dungeon)
  5027 | D:4      | Identified the +2 ring mail "Trusted Companion" {rC+ MR+
                  | Regen+ Slay+2} (You found it on level 4 of the Dungeon)
  5069 | D:4      | Found Suyriadgh's Magic Scroll Boutique.
  5081 | D:4      | Bought a scroll of teleportation for 33 gold pieces
  5081 | D:4      | Bought a scroll of blinking for 82 gold pieces
  5081 | D:4      | Bought a scroll of teleportation for 33 gold pieces
  5325 | D:4      | Noticed Pikel
  5325 | D:4      | Noticed a slave
  5325 | D:4      | Noticed a slave
  5326 | D:4      | Noticed a slave
  5334 | D:4      | Killed a slave
  5341 | D:4      | Killed a slave
  5361 | D:4      | Noticed a slave
  5382 | D:4      | Killed Pikel
  5382 | D:4      | Reached XP level 7. HP: 36/36 MP: 7/23
  5594 | D:5      | Entered Level 5 of the Dungeon
  5600 | D:5      | Found a sand-covered staircase.
  5606 | Ossuary  | Entered an ossuary
  5628 | Ossuary  | Reached skill level 5 in Conjurations
  5869 | Ossuary  | Reached XP level 8. HP: 25/41 MP: 13/25
  6777 | D:5      | Found a shimmering blue altar of Sif Muna.
  6784 | D:5      | Became a worshipper of Sif Muna the Loreminder
  8049 | D:6      | Found a white marble altar of Elyvilon.
  8203 | D:6      | Noticed Sigmund
  8218 | D:6      | Killed Sigmund
  8218 | D:6      | Reached XP level 9. HP: 45/45 MP: 12/26
  8402 | D:5      | Reached skill level 10 in Conjurations
  8734 | D:6      | Reached * piety under Sif Muna
  9034 | D:7      | Found a staircase to the Ecumenical Temple.
  9500 | D:7      | Found an ancient bone altar of Kikubaaqudgha.
  9501 | D:7      | Found a glowing silver altar of Zin.
  9501 | D:7      | Found a bloodstained altar of Trog.
  9502 | D:7      | Found a radiant altar of Vehumet.
  9513 | D:7      | Found an iron altar of Okawaru.
  9592 | D:7      | Found a shattered altar of Ashenzari.
  9594 | D:7      | Found a blossoming altar of Fedhas.
  9747 | D:7      | Found a roughly hewn altar of Beogh.
  9759 | D:7      | Reached skill level 1 in Hexes
  9768 | D:7      | Reached skill level 1 in Evocations
  9966 | D:7      | Killed from afar by an electric eel

Levels and vault maps discovered:
D:1:      shiori_shiawase, layout_loops_cross
D:2:      layout_basic, minmay_bisected
D:3:      layout_basic, skrybe_limestone_x, uniq_terence, uniq_ijyb
D:4:      layout_loops_ring, serial_shops, shop_scrolls, shop, first_ration,
          serial_bayou_ford_a, grunt_ministairs_12, okawaru_trees_1, uniq_pikel
D:5:      corexii_shack_village, layout_loops_ring, overflow_temple_1_default,
          nicolae_ossuary_entry_plus, hex_medium
D:6:      layout_cave_pools, elyvilon_altar_3, uniq_sigmund
D:7:      layout_rooms, nicolae_overflow_hidden_temple,
          grunt_temple_overflow_open, temple_pool_b, serial_bayou,
          serial_bayou_shore_a, serial_bayou_pond_b, serial_bayou_lagoon_b,
          serial_bayou_pond_c, david_defended_altar_orc

Skill      XL: |  1  2  3  4  5  6  7  8  9 |
---------------+----------------------------+-----
Spellcasting   | 5 7 9 11 | 11.0
Conjurations   | 4 5 9 11 | 11.0
Hexes          | 1 |  1.5
Evocations     | 1 |  1.1
Dodging        | |  2.4
Stealth        | |  2.4
Summonings     | |  1.1
Translocations | |  1.1

Action                   |  1- 3 |  4- 6 |  7- 9 || total
-------------------------+-------+-------+-------++-------
Melee: Short sword       |     2 |     7 |       ||     9
 Cast: Magic Dart        |    96 |   175 |   284 ||   555
       Blink             |     7 |     7 |     9 ||    23
       Conjure Flame     |     6 |    19 |    50 ||    75
       Call Imp          |     5 |     4 |     6 ||    15
       Mephitic Cloud    |     1 |    14 |    20 ||    35
Evoke: Staff of energy   |       |    12 |    31 ||    43
       Wand              |       |       |     2 ||     2
  Use: Potion            |     1 |     3 |       ||     4
       Scroll            |       |     4 |     3 ||     7
 Stab: Confused          |       |     1 |       ||     1
  Eat: Chunk             |     2 |    10 |     9 ||    21
       Ration            |       |       |     3 ||     3
Armor: Robe              |     6 |     6 |     3 ||    15
       Ring mail         |       |       |     6 ||     6
Dodge: Dodged            |    23 |    33 |    49 ||   105

Table legend:
 A = Non-vault XP
 B = Vault XP
 C = Vault XP percentage of total XP
 D = Non-vault monster count
 E = Vault monster count
 F = Vault count percentage of total count
                 A         B        C        D         E       F
            +---------+---------+-------+---------+---------+-------
      Total |    2074 |    1815 |  46.7 |     132 |      35 |  21.0
            +---------+---------+-------+---------+---------+-------
        D:1 |      43 |       0 |   0.0 |      22 |       0 |   0.0
        D:2 |      20 |       2 |   9.1 |      13 |       2 |  13.3
        D:3 |     154 |      74 |  32.5 |      34 |       2 |   5.6
        D:4 |     371 |     511 |  57.9 |      19 |       2 |   9.5
        D:5 |     306 |      14 |   4.4 |       6 |       7 |  53.8
        D:6 |     931 |     156 |  14.4 |      25 |       1 |   3.8
        D:7 |     249 |     269 |  51.9 |      13 |       6 |  31.6
    Ossuary |       0 |     789 | 100.0 |       0 |      15 | 100.0
            +---------+---------+-------+---------+---------+-------
